 Dungeon Crawl Stone Soup version 0.23.1-37-gaa34b87 (console) character file.

Game seed: 346813176548782772

5105 fly the Fighter (level 10, -2/91 HPs)
             Began as a Centaur Arcane Marksman on Mar 23, 2019.
             Was a Follower of Okawaru.
             Slain by a troll (9 damage)
             ... on level 9 of the Dungeon.
             The game lasted 00:25:35 (11944 turns).

fly the Fighter (Centaur Arcane Marksman)          Turns: 11944, Time: 00:25:36

Health: -2/91      AC:  6    Str: 13    XL:     10   Next: 32%
Magic:  14/14      EV: 13    Int: 12    God:    Okawaru [*.....]
Gold:   320        SH:  0    Dex: 13    Spells: 8/15 levels left

rFire    . . .     SeeInvis .   a - +1 dire flail (venom)
rCold    . . .     Gourm    .   (shield currently unavailable)
rNeg     . . .     Faith    .   y - +0 robe
rPois    .         Spirit   .   e - +0 helmet
rElec    .         Reflect  .   (no cloak)
rCorr    .         Harm     .   r - +0 pair of gloves
MR       .....                  (no barding)
Stlth    ++........             (no amulet)
HPRegen  0.25/turn              n - ring of stealth
MPRegen  0.14/turn              (no ring)

@: very quick
A: large, hooves 3, deformed body, speed 2, tough skin 3
a: Heroism, Renounce Religion


You were on level 9 of the Dungeon.
You worshipped Okawaru.
Okawaru was aware of your devotion.
You were hungry.

You visited 2 branches of the dungeon, and saw 10 of its levels.

You collected 387 gold pieces.
You spent 67 gold pieces at shops.

Inventory:

Hand Weapons
 a - a +1 dire flail of venom (weapon)
 b - a +0 hand crossbow
Missiles
 d - 118 bolts
Armour
 e - a +0 helmet (worn)
 r - a +0 pair of gloves (worn)
 y - a +0 robe (worn)
Magical Staves
 F - an uncursed staff of fire {unknown}
Jewellery
 n - a ring of stealth (left hand)
Wands
 v - a wand of paralysis (3)
 w - a wand of digging (4)
 A - a wand of random effects (12)
Scrolls
 i - 5 scrolls of magic mapping
 j - 2 scrolls of immolation
 q - 3 scrolls of remove curse
 t - a scroll of blinking
 u - a scroll of noise {unknown}
 x - 5 scrolls of teleportation
 z - a scroll of fog {unknown}
 C - 2 scrolls of fear {unknown}
Potions
 c - 3 potions of agility
 g - a potion of magic
 h - 2 potions of curing
 k - 2 potions of flight
 l - a potion of resistance
 m - a potion of ambrosia
 o - a potion of lignification
 p - 4 potions of might
 s - 2 potions of brilliance
 B - 2 potions of invisibility
 D - a potion of mutation {unknown}
Comestibles
 f - 20 rations


   Skills:
 - Level 9.0 Fighting
 + Level 8.4 Crossbows
 - Level 6.0 Dodging
 - Level 3.0 Spellcasting
 + Level 5.5 Hexes


You had 8 spell levels left.
You knew the following spells:

 Your Spells              Type           Power        Failure   Level  Hunger
n - Inner Flame           Hex/Fire       #.......     24%         3    ###....
t - Portal Projectile     Hex/Tloc       #.....       24%         3    ###....
z - Corona                Hex            ###....      2%          1    #......

Your spell library contained the following spells:

 Spells                   Type           Power        Failure   Level  Hunger
 Slow                     Hex            ###.....     3%          2    ###....
 Beastly Appendage        Tmut           #.....       24%         1    #......
 Sandblast                Erth           #.....       24%         1    #......
 Cause Fear               Hex            ###.......   24%         4    #####..
 Passwall                 Tmut/Erth      #.......     36%         2    ###....
 Sticks to Snakes         Tmut           #.......     36%         2    ###....
 Spider Form              Tmut/Pois      #.........   58%         3    ###....
 Stone Arrow              Conj/Erth      #.....       58%         3    ###....
 Leda's Liquefaction      Hex/Erth       #.........   61%         4    #####..
 Ice Form                 Ice/Tmut       #.......     94%         4    #####..
 Petrify                  Tmut/Erth      #.......     94%         4    #####..
 Blade Hands              Tmut           #.........   100%        5    ######.
 Lee's Rapid Deconstruct  Erth           #.........   100%        5    ######.


Dungeon Overview and Level Annotations

Branches:
Dungeon (9/15)             Temple (1/1) D:6
   Lair: D:8-11         Orc: D:9-12

Altars:
Ashenzari
Cheibriados
Dithmenos
Elyvilon
Fedhas
Gozag
Hepliaklqana
Kikubaaqudgha
Makhleb
Nemelex Xobeh
Okawaru
Qazlal
Ru
Sif Muna
Trog
Vehumet
Wu Jian
Xom
Yredelemnul
Zin

Shops:
D:6 =%


Innate Abilities, Weirdness & Mutations

You have hooves in place of feet.
Armour fits poorly on your strangely shaped body.
You cover ground very quickly.
You have extremely tough skin. (AC +3)


Message History

The troll bites you!
The troll claws you! x2; The troll bites you!!
The troll claws you! x2
* * * LOW HITPOINT WARNING * * *
You completely miss the troll.
The troll is moderately wounded.
The troll bites you!
* * * LOW HITPOINT WARNING * * *
The troll barely misses you. The troll claws you but does no damage.
Press: ? - help, v - describe, . - travel
Here: a troll (moderately wounded)
The floor, spattered with blood.
An ogre comes into view. It is wielding a +0 giant club.
Found a scroll of identify and 19 gold pieces.
An orc warrior and a skeleton come into view.
The orc warrior shouts!
The ogre shouts!
The troll bites you!
* * * LOW HITPOINT WARNING * * *
The troll barely misses you. The troll claws you!
You die...

##...(...####...
##.....(.........
##............#
#.........<...#
##............##
#.......>.....#
#...........##
##O.....T...##
#...#....@.##
#........Z.#
...........o8.8.
.##..............
##....####8.8.8#
##$?.. ###≈≈≈
##... ≈≈≈ ###. ≈≈


You could see a troll, an orc warrior, an ogre and a centaur warrior skeleton.

Vanquished Creatures
  Pikel (D:6)
  Grinder (D:6)
  2 hippogriffs (D:8)
  Sigmund (D:5)
  A hungry ghost (D:8)
  Eustachio (D:5)
  A yak (D:7)
  3 hogs (D:7)
  A human (D:7)
  Menkaure (D:5)
  Edmund (D:5)
  2 porcupines
  Duvessa (D:4)
  An ice beast (D:8)
  A black bear (D:7)
  An ogre (D:4)
  2 wolves
  2 phantoms
  A crocodile (D:9)
  2 centaurs (D:8)
  5 bullfrogs
  Dowan (D:4)
  3 scorpions
  2 howler monkeys
  3 wights (D:6)
  A jelly (D:5)
  2 centaur zombies
  4 crimson imps
  5 hounds
  3 orc priests
  A centaur skeleton (D:4)
  A bullfrog skeleton (D:8)
  2 iguanas
  5 worker ants
  2 hound skeletons (D:4)
  Robin (D:2)
  2 howler monkey skeletons
  8 adders
  3 shadow imps
  An ooze (D:2)
  2 worms
  A dart slug (D:2)
  2 leopard geckos
  7 orcs
  4 giant cockroaches
  10 goblins
  8 hobgoblins
  14 jackals
  4 quokkas
  6 ball pythons
  2 bats
  A frilled lizard (D:1)
  9 kobolds
  13 rats
165 creatures vanquished.

Vanquished Creatures (others)
  4 slaves (D:6)
  A wight (D:6)
5 creatures vanquished.

Grand Total: 170 creatures vanquished

Notes
Turn   | Place    | Note
-------+----------+-------------------------------------------
     0 | D:1      | fly the Centaur Arcane Marksman began the quest for the
                  | Orb.
     0 | D:1      | Reached XP level 1. HP: 16/16 MP: 2/2
   180 | D:1      | Reached XP level 2. HP: 17/23 MP: 3/3
   934 | D:2      | Noticed Robin
  1123 | D:2      | Found a shattered altar of Ashenzari.
  1401 | D:2      | Found a faded altar of an unknown god.
  1551 | D:2      | Found an ornate altar of the Wu Jian Council.
  1681 | D:2      | Reached XP level 3. HP: 28/28 MP: 4/4
  1831 | D:2      | HP: 1/28 [goblin/stone[Robin] (2)]
  2297 | D:2      | Killed Robin
  2998 | D:2      | Reached XP level 4. HP: 17/35 MP: 5/5
  3169 | D:3      | Reached skill level 5 in Crossbows
  3535 | D:3      | Found a sacrificial altar of Ru.
  3617 | D:3      | Found a white marble altar of Elyvilon.
  4212 | D:4      | Found a hazy altar of Hepliaklqana.
  4242 | D:4      | Reached XP level 5. HP: 40/40 MP: 6/6
  4404 | D:4      | Noticed an ogre
  4477 | D:4      | Killed an ogre
  4477 | D:4      | Reached skill level 3 in Fighting
  4477 | D:4      | Reached XP level 6. HP: 51/51 MP: 7/7
  4567 | D:4      | Reached skill level 4 in Fighting
  4845 | D:4      | Noticed Duvessa
  4858 | D:4      | Noticed Dowan
  4862 | D:4      | Killed Duvessa
  4862 | D:4      | Reached skill level 5 in Fighting
  4877 | D:4      | Killed Dowan
  4877 | D:4      | Reached XP level 7. HP: 32/61 MP: 8/8
  5335 | D:5      | Entered Level 5 of the Dungeon
  5393 | D:5      | Reached skill level 6 in Fighting
  5674 | D:5      | Learned a level 3 spell: Inner Flame
  5678 | D:5      | Learned a level 3 spell: Portal Projectile
  5754 | D:5      | Noticed Menkaure
  5759 | D:5      | Noticed Eustachio
  5761 | D:5      | Killed Menkaure
  5777 | D:5      | Killed Eustachio
  5777 | D:5      | Reached XP level 8. HP: 61/70 MP: 9/9
  6149 | D:5      | Noticed Edmund
  6184 | D:5      | Noticed Sigmund
  6193 | D:5      | Killed Edmund
  6684 | D:5      | Killed Sigmund
  6684 | D:5      | Reached skill level 5 in Dodging
  6961 | D:6      | Found Jitup's Food Emporium.
  7052 | D:6      | Found a staircase to the Ecumenical Temple.
  7077 | D:6      | Noticed Pikel
  7101 | D:6      | Killed Pikel
  7139 | D:6      | Reached XP level 9. HP: 71/75 MP: 13/13
  7355 | D:6      | Found Puf Pax's Jewellery Boutique.
  7358 | D:6      | Bought a cursed ring of attention for 67 gold pieces
  7372 | D:6      | Noticed Grinder
  7379 | D:6      | Paralysed by Grinder for 4 turns
  7386 | D:6      | Killed Grinder
  7386 | D:6      | Reached skill level 7 in Fighting
  8021 | D:6      | Found a stormy altar of Qazlal.
  8133 | D:6      | Reached skill level 8 in Fighting
  8234 | D:6      | Found a bloodstained altar of Trog.
  8469 | D:7      | Found a glowing silver altar of Zin.
  8971 | D:7      | Reached skill level 9 in Fighting
  9774 | Temple   | Entered the Ecumenical Temple
  9945 | Temple   | Became a worshipper of Warmaster Okawaru
 10073 | D:8      | Reached XP level 10. HP: 23/91 MP: 7/14
 10973 | D:8      | Reached * piety under Okawaru
 10973 | D:8      | Reached skill level 5 in Hexes
 11051 | D:8      | Found a blossoming altar of Fedhas.
 11051 | D:8      | Found a shimmering altar of Xom.
 11051 | D:8      | Found a snail-covered altar of Cheibriados.
 11944 | D:9      | Slain by a troll

Skill      XL: |  1  2  3  4  5  6  7  8  9 10 |
---------------+-------------------------------+-----
Crossbows      | 3 4 6 7 8 |  8.4
Fighting       | 3 5 6 9 |  9.0
Dodging        | 4 6 |  6.0
Spellcasting   | 3 |  3.0
Hexes          | 4 5 |  5.5

Action                   |  1- 3 |  4- 6 |  7- 9 | 10-12 || total
-------------------------+-------+-------+-------+-------++-------
Melee: Spear             |   128 |    61 |    35 |       ||   224
       Hand crossbow     |    25 |       |       |       ||    25
       Kick              |    22 |     7 |    27 |    10 ||    66
       Unarmed           |     4 |       |       |       ||     4
       Dire flail        |       |       |   113 |    34 ||   147
 Fire: Hand crossbow     |    21 |    70 |   233 |    77 ||   401
 Cast: Corona            |     1 |       |     4 |       ||     5
       Inner Flame       |       |       |     4 |     3 ||     7
       Portal Projectile |       |       |     1 |       ||     1
Evoke: Wand              |       |       |     3 |       ||     3
  Use: Scroll            |     6 |     5 |     3 |     1 ||    15
       Potion            |       |       |     2 |       ||     2
 Stab: Sleeping          |       |     1 |     4 |       ||     5
       Paralysed         |       |       |    18 |       ||    18
  Eat: Chunk             |     4 |     4 |    16 |     7 ||    31
Armor: Robe              |    52 |    28 |    70 |    15 ||   165
Dodge: Dodged            |    87 |    36 |   151 |    46 ||   320
